cohdb
Replays
Latest Replays
All Replays
Popular Replays
Top Player Replays
Match Explorer
How It Works
Community
CoH3 Stats
Reddit
Sign in to upload your games and track your stats! →
Sign in with Steam
Match 33849775
Unlisted
Match 33849775
Overview
Messages
Build Orders
End
Kradschützen Motorcycle Team
Panzergrenadier Squad
Selects Italian Infantry
Panzergrenadier Squad
Construct Light Support Kompanie
Construct Mechanized Kompanie
MG34 Team
Support Armor Elements
StuG III D Assault Gun
Selects Guastatori Squad
Selects Registered Artillery
Panzerjäger Mechanized Group
Vehicle Survival Package
Marder III Tank Destroyer
Emergency Repair Kits
Cpt. Zugluft
Sof Ya Nos
0
0
Comments
sign in to comment!
No comments posted yet!